cohdb
Replays
Latest Replays
All Replays
Popular Replays
Top Player Replays
Match Explorer
How It Works
Community
CoH3 Stats
Reddit
Sign in to upload your games and track your stats! →
Sign in with Steam
Match 45228050
Unlisted
Match 45228050
Overview
Messages
Build Orders
End
Construct Barracks
1⁄4-ton 4x4 Truck
Riflemen Squad
Riflemen Squad
Riflemen Squad
Infantry Support Center
Construct Medical Station
Selects Advanced Infantry Battlegroup
Selects Convert to Ranger Squad
Selects Designate Assault Position
Convert to Ranger Squad
Construct Tank Depot
Grenade Package
Engineer Squad
M4(105) Sherman Bulldozer
Selects Infantry Assault
M18 Hellcat Tank Destroyer
Infantry Assault
M18 Hellcat Tank Destroyer
Selects Artillery Observers
Selects M2A1 105mm Howitzer Emplacement
M18 Hellcat Tank Destroyer
Selects 155mm Rapid Artillery Barrage
155mm Rapid Artillery Barrage
707
bigmac
勇于撤退先遣兵
KOR_NONMON
Twin
AltoLivello ITA
mimq
ionwood
0
0
Comments
sign in to comment!
No comments posted yet!